 Dungeon Crawl Stone Soup version 0.31-a0-187-gba352fbbf7 (webtiles) character file.

Game seed: 9418215210102256117

67 qw the Shooter (level 3, 0/20 HPs)
             Began as a Deep Elf Hunter on June 22, 2023.
             Slain by a goblin
             ... wielding a +0 club
             ... led by Robin
              (3 damage)
             ... on level 2 of the Dungeon.
             The game lasted 00:00:22 (869 turns).

qw the Shooter (Deep Elf Hunter)                     Turns: 869, Time: 00:00:23

Health: 0/20       AC:  4    Str: 10    XL:     3   Next: 98%
Magic:  5/5        EV: 12    Int: 13    God:
Gold:   102        SH:  0    Dex: 18    Spells: 2/2 levels left

rFire   . . .        a - +0 shortbow
rCold   . . .        (shield currently unavailable)
rNeg    . . .        c - +0 leather armour
rPois   .            (no helmet)
rElec   .            d - +0 cloak
rCorr   .            (no gloves)
SInv    .            (no boots)
Will    .....        (no amulet)
Stlth   ++           (no ring)
HPRegen 0.23/turn    (no ring)
MPRegen 0.09/turn

%: no passive effects
@: no status effects
A: no striking features
a: no special abilities


You were on level 2 of the Dungeon.
You visited 1 branch of the dungeon, and saw 2 of its levels.

You collected 102 gold pieces.


   Skills:
 - Level 1.5 Fighting
 + Level 7.4 Ranged Weapons
 - Level 2.4 Dodging
 - Level 1.2 Stealth


You had 2 spell levels left.
You didn't know any spells.
Your spell library was empty.

Inventory:

Hand Weapons
 a - a +0 shortbow (weapon)
Armour
 c - a +0 leather armour (worn)
 d - a +0 cloak (worn)
Scrolls
 b - a scroll of teleportation {unknown}
Potions
 e - a potion of might {unknown}
 f - a potion of curing
 h - a potion of ambrosia {unknown}

Dungeon Overview and Level Annotations

Branches:
Dungeon (2/15)

Altars:

Annotations:
D:2 Robin


Message History

You shoot an arrow. The arrow hits the goblin.
You kill the goblin!
The goblin shouts!
You hear a shout! x6
A goblin comes into view. It is wielding a +0 dagger.
Robin of the Strong Arm comes into view.
They are wielding a +0 short sword.
You shoot an arrow. The arrow barely misses the goblin.
The goblin shouts!
The arrow hits the goblin.
You kill the goblin!
Robin throws the goblin at you! The goblin hits you with a club.
You shoot an arrow. The arrow hits the goblin.
The goblin is moderately wounded.
Robin roars a battlecry!
The goblins go into a battle-frenzy!
A goblin comes into view. It is wielding a +0 dagger.
The goblin misses you.
You shoot an arrow. The arrow hits the goblin.
The goblin is severely wounded.
Robin roars a battlecry!
The goblin hits you with a +0 club.
You shoot an arrow. The arrow hits the goblin!
You kill the goblin!
Robin throws the goblin at you! The goblin hits you with a dagger.
The goblin hits you but does no damage.
You shoot an arrow. The arrow closely misses the goblin.
The goblin barely misses you. The goblin hits you but does no damage.
The goblin closely misses you.
You shoot an arrow. The arrow barely misses the goblin.
The goblin hits you with a +0 club. The goblin hits you but does no damage.
The goblin completely misses you.
You shoot an arrow.
The arrow hits the goblin but does no damage.
Robin says, "Feeling lonely?"
The goblin hits you with a +0 club. The goblin barely misses you.
The goblin hits you but does no damage.
You shoot an arrow. The arrow hits the goblin.
The goblin is severely wounded.
The goblin barely misses you. The goblin hits you with a +0 dagger.
The goblin hits you with a +0 club.
You die...

#.#.#.#.#.#..................##.#
........#########.#######...#.#
........# #.# #...#.# .. #.#
#...#.# ... #.# #...#.# .#..##
#.# #.....# ......# ##.#####
#####.. #..g##.....(# ##.
#.g@.......# #####.
##g##.#.#..####..... ..g
#.........#..... ##g.
+.#.#.....#..... #)#
#........%...... #.
#........[...... #.
#####........... .# #.........##
#.........##


You could see Robin and 4 goblins.

Vanquished Creatures
  Natasha (D:2)
  A gnoll (D:1)
  3 endoplasms (D:1)
  A giant cockroach (D:1)
  4 goblins
  A hobgoblin (D:2)
  2 jackals (D:1)
  4 ball pythons (D:1)
  4 bats
  3 frilled lizards
  5 kobolds (D:1)
  3 rats
32 creatures vanquished.

Notes
Turn   | Place    | Note
-------+----------+-------------------------------------------
     0 | D:1      | qw the Deep Elf Hunter began the quest for the Orb.
     0 | D:1      | Reached XP level 1. HP: 12/12 MP: 3/3
     0 | D:1      | 0 ||| qw: Version: 0.3-a-9-g12657ce
     0 | D:1      | 0 ||| qw: Game counter: 2689
     0 | D:1      | 0 ||| qw: Always use a shield: true
     0 | D:1      | 0 ||| qw: God list: Okawaru
     0 | D:1      | 0 ||| qw: Allow faded altars: false
     0 | D:1      | 0 ||| qw: Do Orc after D:15 true
     0 | D:1      | 0 ||| qw: Do second Lair branch before Depths: true
     0 | D:1      | 0 ||| qw: Lair rune preference: random
     0 | D:1      | 0 ||| qw: Plans: Normal
     0 | D:1      | 0 ||| PLANNING D:1-11
   149 | D:1      | Reached skill level 6 in Ranged Weapons
   149 | D:1      | Reached XP level 2. HP: 16/16 MP: 4/4
   337 | D:1      | Reached XP level 3. HP: 20/20 MP: 5/5
   362 | D:1      | Found a faded altar of an unknown god.
   616 | D:1      | 616 ||| UPGRADING to +0 cloak.
   621 | D:1      | 621 ||| DRINKING 2 fuming sapphire potions.
   622 | D:1      | 622 ||| DRINKING 2 grey potions.
   623 | D:1      | 623 ||| DROPPING scroll of butterflies.
   624 | D:1      | 624 ||| DROPPING potion of attraction.
   680 | D:2      | Noticed Natasha
   687 | D:2      | HP: 3/20 [cerulean imp/+2 spear[Natasha] (4)]
   691 | D:2      | Killed Natasha
   692 | D:2      | Reached skill level 7 in Ranged Weapons
   744 | D:2      | 744 ||| FLEEEEING.
   861 | D:2      | Noticed Robin
   868 | D:2      | HP: 5/20 [goblin/+0 club[Robin] (2)]
   869 | D:2      | Slain by a goblin

Levels and vault maps discovered:
D:1:      dpeg_arrival_round_b, layout_basic, chequers_ecumenical_altar_island
D:2:      cheibrodos_fertilizer, layout_basic, serial_glass, glass_columns_c,
          glass_columns_a, feat_on_display, item_on_display_a, basic_altar,
          uniq_robin, uniq_natasha

Skill      XL: |  1  2  3 |
---------------+----------+-----
Ranged Weapons | 6 7 |  7.4
Fighting       | |  1.5
Dodging        | |  2.4
Stealth        | |  1.2

Action                     || total
---------------------------++-------
   Fire: Shortbow          ||    83
    Use: Potion            ||     2
 Armour: Leather armour    ||    12
  Dodge: Dodged            ||    16

Table legend:
 A = Non-vault XP
 B = Vault XP
 C = Vault XP percentage of total XP
 D = Non-vault monster count
 E = Vault monster count
 F = Vault count percentage of total count
                 A         B        C        D         E       F
            +---------+---------+-------+---------+---------+-------
      Total |      55 |      41 |  42.7 |      28 |       4 |  12.5
            +---------+---------+-------+---------+---------+-------
        D:1 |      50 |       0 |   0.0 |      24 |       0 |   0.0
        D:2 |       5 |      41 |  89.1 |       4 |       4 |  50.0
            +---------+---------+-------+---------+---------+-------
